 Dungeon Crawl Stone Soup version 0.28-a0-674-gdaf460b524 (webtiles) character file.

Game seed: 12646092165270655319

1715 pokeman the Thaumaturge (level 8, -2/44 HPs)
             Began as a Deep Elf Hedge Wizard on Oct 17, 2021.
             Was a Believer of Vehumet.
             Slain by an ufetubus (3 damage)
             ... on level 6 of the Dungeon.
             The game lasted 00:15:56 (7480 turns).

pokeman the Thaumaturge (Deep Elf Hedge Wizard)     Turns: 7480, Time: 00:15:57

Health: -2/44      AC:  5    Str:  7    XL:     8   Next: 74%
Magic:  30/33      EV: 12    Int: 22    God:    Vehumet [**....]
Gold:   247        SH:  0    Dex: 14    Spells: 16/27 levels left

rFire   . . .      SeeInvis .   y - +0 scimitar (elec)
rCold   . . .      Faith    .   (no shield)
rNeg    . . .      Spirit   .   h - +0 leather armour
rPois   .          Reflect  .   c - +0 hat
rElec   .          Harm     .   x - +0 cloak {Stlth+}
rCorr   +          Rampage  .   (no gloves)
Will    .....                   j - +0 pair of boots
Stlth   +++.......              l - amulet of magic regeneration
HPRegen 0.14/turn               v - ring of resist corrosion
MPRegen 0.48/turn               w - ring of magical power

@: no status effects
A: no striking features
a: Renounce Religion


You were on level 6 of the Dungeon.
You worshipped Vehumet.
Vehumet was pleased with you.
You visited 2 branches of the dungeon, and saw 7 of its levels.
You also visited: Ossuary.

You collected 247 gold pieces.

Inventory:

Hand Weapons
 y - a +0 scimitar of electrocution (weapon)
Missiles
 b - a throwing net
 d - 66 arrows
 n - 39 bolts
Armour
 c - a +0 hat (worn)
 h - a +0 leather armour (worn)
 j - a +0 pair of boots (worn)
 x - a +0 cloak of stealth (worn)
Magical Staves
 f - a staff of air
Jewellery
 e - an amulet of faith
 l - an amulet of magic regeneration (around neck)
 v - a ring of resist corrosion (left hand)
 w - a ring of magical power (right hand)
Scrolls
 i - 6 scrolls of identify {unknown}
 q - a scroll of noise {unknown}
 r - 4 scrolls of enchant armour {unknown}
 t - 4 scrolls of teleportation {unknown}
 u - 2 scrolls of enchant weapon {unknown}
Potions
 a - 3 potions of cancellation {unknown}
 g - a potion of invisibility {unknown}
 k - 3 potions of curing {unknown}
 m - 2 potions of haste {unknown}
 o - a potion of lignification {unknown}
 p - a potion of attraction {unknown}
 s - 3 potions of mutation {unknown}
 z - 2 potions of heal wounds {unknown}
 A - a potion of degeneration {unknown}
 B - 2 potions of brilliance {unknown}
 C - a potion of magic {unknown}


   Skills:
 - Level 2.0 Fighting
 + Level 2.5 Armour
 - Level 3.0 Dodging
 - Level 3.1 Stealth
 * Level 10.3 Spellcasting
 + Level 5.4 Conjurations
 - Level 1.1 Summonings
 - Level 1.1 Translocations
 + Level 4.3 Fire Magic
 - Level 1.3 Air Magic
 - Level 1.3 Poison Magic
 - Level 1.3 Evocations


You had 16 spell levels left.
You knew the following spells:

 Your Spells              Type           Power      Damage    Failure   Level
a - Magic Dart            Conj           100%       1d8       1%          1
b - Mephitic Cloud        Conj/Pois/Air  23%        N/A       9%          3
c - Call Imp              Summ           16%        N/A       9%          2
d - Blink                 Tloc           N/A        N/A       9%          2
e - Conjure Flame         Conj/Fire      32%        6-21      3%          3

Your spell library contained the following spells:

 Spells                   Type           Power      Damage    Failure   Level
 Sandblast                Erth           22%        2d7       9%          1
 Slow                     Hex            11%        N/A       13%         2
 Borgnjor's Revivificati  Necr           5%         N/A       100%        8
 Necromutation            Tmut/Necr      5%         N/A       100%        8
 Death's Door             Necr           5%         N/A       100%        9


Dungeon Overview and Level Annotations

Branches:
Dungeon (6/15)             Temple (1/1) D:4         Ossuary (visited)

Altars:
Ashenzari
Cheibriados
Dithmenos
Elyvilon
Fedhas
Gozag
Hepliaklqana
Kikubaaqudgha
Nemelex Xobeh
Qazlal
Ru
Sif Muna
Vehumet
Xom
Zin
The Shining One

Shops:
D:4 :


Message History

The bullfrog is moderately wounded.
The bullfrog hits you. The howler monkey closely misses you.
The bullfrog zombie hits your crimson imp.
Your crimson imp hits the water moccasin.
The bullfrog barely misses you. The howler monkey hits you.
Unknown command.
You hit the bullfrog.
The bullfrog is heavily wounded.
The bullfrog zombie hits your crimson imp.
The bullfrog hits you.
Your crimson imp closely misses the water moccasin.
The howler monkey hits you.
The bullfrog zombie hits your crimson imp.
The bullfrog completely misses you.
Your crimson imp blinks!
The howler monkey hoots and howls with incredible vigour!
You hear a shout!
You hear a howl!
You barely miss the bullfrog.
The bullfrog is heavily wounded.
The bullfrog hits you. The bullfrog hits you!
The howler monkey closely misses you.
Unknown command.
You hit the bullfrog but do no damage.
The bullfrog is heavily wounded.
The bullfrog hits you.
The howler monkey hits you but does no damage.
The bullfrog hits you. The howler monkey hits you!
* * * LOW HITPOINT WARNING * * *
Unknown command.
Casting: Call Imp (safe; 9% risk of failure)
Confirm with . or Enter, or press ? or * to list all spells.
You blink.
The bullfrog hits you.
* * * LOW HITPOINT WARNING * * *
An ufetubus comes into view.
A howler monkey comes into view.
The howler monkey hoots and howls with incredible vigour!
The bullfrog barely misses you.
Casting: Blink (safe; 9% risk of failure)
Confirm with . or Enter, or press ? or * to list all spells.
You blink.
The ufetubus hits you.
You die...

#....#.....#.# ###..
###....#.....#.# /.
....#
#......##....#.##.#
###....
#..hZ........... ......
#Z####..#.#...####...#
#ZS.ยง#.....##......)#
#+####h#......#.......#
.......F....#.#.......#
.........(.@..#.###...#
.....#.#..5#..#.# #...#
.....#.#.##.....# ##.##
######.#.##.##### #.#
######.#.##.# #.#
......h.<.#.### #<#
.[.....##.#.Z.# ###
.........$.Z#.#
........#.....#


You could see a bullfrog, a howler monkey (catching breath) and an ufetubus.

Vanquished Creatures
  A black bear (D:5)
  A sky beast (D:3)
  3 ogres
  An ice beast (D:5)
  A phantom (D:5)
  2 elf zombies (Ossuary)
  4 scorpions
  A wyvern skeleton (D:5)
  A water moccasin skeleton (D:5)
  6 centaur zombies
  A hound (D:4)
  A bullfrog skeleton (D:5)
  2 iguanas (D:5)
  A scorpion zombie (D:5)
  A hound skeleton (D:4)
  2 mummies (Ossuary)
  A howler monkey zombie (D:5)
  3 gnolls (D:4)
  11 adders
  A white imp (D:5)
  An ufetubus (D:5)
  An adder zombie (Ossuary)
  4 worms
  2 dart slugs
  6 orcs
  9 ball pythons
  4 endoplasms
  2 giant cockroaches
  6 goblins
  12 hobgoblins
  9 jackals
  10 kobolds
  2 quokkas
  6 bats
  2 frilled lizards
  2 goblin zombies (Ossuary)
  3 hobgoblin zombies (Ossuary)
  2 jackal zombies (Ossuary)
  11 kobold zombies (Ossuary)
  13 orc zombies (Ossuary)
  4 rats
156 creatures vanquished.

Vanquished Creatures (others)
  42 plants (D:5)
42 creatures vanquished.

Grand Total: 198 creatures vanquished

Notes
Turn   | Place    | Note
-------+----------+-------------------------------------------
     0 | D:1      | pokeman the Deep Elf Hedge Wizard began the quest for the
                  | Orb.
     0 | D:1      | Reached XP level 1. HP: 10/10 MP: 7/7
   413 | D:1      | Found a faded altar of an unknown god.
   460 | D:1      | Reached XP level 2. HP: 15/15 MP: 4/9
   991 | D:1      | Reached skill level 5 in Spellcasting
  1119 | D:1      | Reached XP level 3. HP: 15/20 MP: 2/11
  1123 | D:1      | Learned a level 3 spell: Mephitic Cloud
  1126 | D:1      | Learned a level 2 spell: Call Imp
  1129 | D:1      | Learned a level 2 spell: Blink
  1133 | D:1      | Learned a level 3 spell: Conjure Flame
  1379 | D:2      | Reached skill level 1 in Armour
  1591 | D:2      | Reached skill level 1 in Fighting
  1757 | D:2      | Found a sparkling altar of Nemelex Xobeh.
  1919 | D:2      | Reached XP level 4. HP: 24/25 MP: 7/13
  2756 | D:2      | Reached skill level 1 in Fire Magic
  3346 | D:3      | Reached skill level 6 in Spellcasting
  3346 | D:3      | Reached XP level 5. HP: 29/29 MP: 7/15
  3579 | D:3      | Noticed a sky beast
  3613 | D:3      | Killed a sky beast
  3614 | D:3      | Reached skill level 1 in Air Magic
  4039 | D:4      | Noticed an ogre
  4358 | D:4      | Reached XP level 6. HP: 34/34 MP: 14/17
  4402 | D:4      | Found a stormy altar of Qazlal.
  4418 | D:4      | Found a white marble altar of Elyvilon.
  4831 | D:4      | Reached skill level 7 in Spellcasting
  4831 | D:4      | Reached skill level 1 in Poison Magic
  4831 | D:4      | Reached skill level 1 in Evocations
  4962 | D:4      | Found a staircase to the Ecumenical Temple.
  5006 | Temple   | Entered the Ecumenical Temple
  5040 | Temple   | Became a worshipper of Vehumet
  5105 | D:4      | Found Jungaheka's Book Shoppe.
  5263 | D:5      | Entered Level 5 of the Dungeon
  5269 | D:5      | Reached XP level 7. HP: 38/38 MP: 20/20
  5567 | D:5      | Found a broken altar of Ashenzari.
  5589 | D:5      | Found a shimmering blue altar of Sif Muna.
  5639 | D:5      | Reached skill level 8 in Spellcasting
  5894 | D:5      | Reached XP level 8. HP: 43/44 MP: 22/22
  5907 | D:5      | Reached skill level 9 in Spellcasting
  6282 | D:5      | Reached skill level 5 in Conjurations
  6698 | D:6      | Found a sand-covered staircase.
  6707 | Ossuary  | Entered an ossuary
  7012 | Ossuary  | Reached * piety under Vehumet
  7012 | Ossuary  | Offered knowledge of Shock by Vehumet.
  7240 | Ossuary  | Reached skill level 10 in Spellcasting
  7282 | Ossuary  | Reached ** piety under Vehumet
  7282 | Ossuary  | Offered knowledge of Sandblast by Vehumet.
  7479 | D:6      | HP: 1/44 [bullfrog (6)]
  7480 | D:6      | Slain by an ufetubus

Illustrated notes

Levels and vault maps discovered:
D:1:      erik_arrival_blinker_ship, layout_basic, basic_ecumenical_altar,
          minmay_misc_feat_tower, serial_park_tiny_1, minmay_split_cup_large
D:2:      layout_loops_ring, serial_aquarium, aquarium_bridge_island_small
          [aquarium_subvault_small_water, aquarium_subvault_wall,
          aquarium_subvault_wall, aquarium_subvault_bridge,
          aquarium_subvault_bridge], aquarium_bridge_straight
          [aquarium_subvault_bridge, aquarium_subvault_wall,
          aquarium_subvault_bridge, aquarium_subvault_wall],
          aquarium_window_corner, aquarium_window_2, aquarium_window_3,
          aquarium_window_2, aquarium_view_2a, basic_altar,
          chequers_serial_rivers_small_b, st_stairs_5
D:3:      layout_loops_ring, minmay_misc_feat_four_crosses,
          minmay_joined_circles
D:4:      layout_rooms, mainiacjoe_overflow_large_starburst,
          minmay_temple_entry_nine_rooms, serial_shops, nicolae_lakefront_shop,
          minmay_misc_feat_ornament
D:5:      layout_rooms, mainiacjoe_overflow_catch_the_wave, minmay_pentangle
D:6:      minmay_inner_zag, layout_basic, enter_ossuary_1
Temple:   regret_index_temple_mists

Skill      XL: |  1  2  3  4  5  6  7  8 |
---------------+-------------------------+-----
Spellcasting   | 5 6 7 8 10 | 10.3
Armour         | 1 2 |  2.5
Fighting       | 1 2 |  2.0
Conjurations   | 2 3 4 5 |  5.4
Fire Magic     | 1 3 4 |  4.3
Dodging        | 3 |  3.0
Stealth        | 3 |  3.1
Air Magic      | 1 |  1.3
Poison Magic   | 1 |  1.3
Evocations     | 1 |  1.3
Summonings     | |  1.1
Translocations | |  1.1

Action                   |  1- 3 |  4- 6 |  7- 9 || total
-------------------------+-------+-------+-------++-------
Melee: Dagger            |    13 |    45 |     4 ||    62
       Scimitar          |       |       |    57 ||    57
 Cast: Magic Dart        |    97 |   178 |    86 ||   361
       Mephitic Cloud    |     1 |     9 |     9 ||    19
       Blink             |       |     2 |     4 ||     6
       Conjure Flame     |       |     1 |    22 ||    23
       Call Imp          |       |       |     5 ||     5
 Stab: Confused          |       |     1 |     1 ||     2
Armor: Leather armour    |     9 |    25 |    47 ||    81
Dodge: Dodged            |    19 |    43 |    80 ||   142

Table legend: (Time is in decaauts)
 A = Elapsed time spent in this place.
 B = Non-inter-level travel time spent in this place.
 C = Inter-level travel time spent in this place.
 D = Time resting spent in this place.
 E = Time spent auto-exploring this place.
 F = Levels seen in this place.
 G = Mean time per level.
                   A        B        C        D        E       F      G
               +--------+--------+--------+--------+--------+-----+--------+
         Total |   7520 |   7404 |    116 |   1290 |   4904 |   8 |  940.0 |
       Dungeon |   6686 |   6588 |     98 |    906 |   4705 |   6 | 1114.3 |
        Temple |     65 |     47 |     18 |      0 |     30 |   1 |   65.0 |
       Ossuary |    769 |    769 |      0 |    384 |    169 |   1 |  769.0 |
               +--------+--------+--------+--------+--------+-----+--------+

Top non-repeatable levels by time:
     D:2: 1555 daAuts
     D:1: 1523 daAuts
     D:5: 1390 daAuts
     D:3: 1136 daAuts
     D:4: 1000 daAuts
 Ossuary: 769 daAuts
     D:6: 79 daAuts
  Temple: 65 daAuts
